 Dungeon Crawl Stone Soup version 0.25-a0-346-g140ab784a8 (webtiles) character file.

Game seed: 10230402392733855584, levelgen mode: deterministic

5449 night the Geomancer (level 10, -10/80 HPs)
             Began as a Vampire Earth Elementalist on Dec 31, 2019.
             Was a Believer of Vehumet.
             Mangled by Erica
             ... wielding a +4 scimitar of flaming
              (12 damage)
             ... on level 8 of the Dungeon.
             The game lasted 00:38:03 (10184 turns).

night the Geomancer (Vampire Earth Elementalist)   Turns: 10184, Time: 00:38:04

Health: -10/80     AC:  4    Str:  7    XL:     10   Next: 41%
Magic:  8/22       EV: 13    Int: 20    God:    Vehumet [**....]
Gold:   314        SH:  0    Dex: 16    Spells: 9/25 levels left

rFire    . . .     SeeInvis +   q - +2 dagger (venom)
rCold    + . .     Gourm    .   (no shield)
rNeg     + . .     Faith    .   P - +1 robe {rN+}
rPois    .         Spirit   .   (no helmet)
rElec    .         Reflect  .   (no cloak)
rCorr    .         Harm     .   G - +0 pair of gloves
MR       +....     Rnd*Tele +   (no boots)
Stlth    +++.......             y - amulet of magic regeneration
HPRegen  0.43/turn              l - ring of protection from cold
MPRegen  0.43/turn              e - ring of teleportation

@: regenerating quickly
A: no food, fangs 3, see invisible, unbreathing
a: Exsanguinate, Renounce Religion


You were on level 8 of the Dungeon.
You worshipped Vehumet.
Vehumet was pleased with you.
You were alive.

You visited 2 branches of the dungeon, and saw 9 of its levels.
You also visited: Ossuary.

You collected 314 gold pieces.

Inventory:

Hand Weapons
 h - a +0 dagger
 m - a +0 hunting sling
 q - a +2 dagger of venom (weapon)
 w - a +0 whip of electrocution
 I - a +0 morningstar of venom
Missiles
 b - 210 stones (quivered)
 t - 15 poisoned darts
 u - 7 javelins
 F - 2 silver boomerangs
 L - 42 sling bullets
 N - 2 throwing nets
Armour
 c - a +0 robe
 G - a +0 pair of gloves (worn)
 P - a +1 robe of positive energy (worn)
Jewellery
 e - a ring of teleportation (right hand)
 l - a ring of protection from cold (left hand)
 s - an uncursed ring of ice
 y - an amulet of magic regeneration (around neck)
 z - a +2 ring of dexterity
Wands
 K - a wand of acid (2)
 O - a wand of random effects (21)
Scrolls
 a - a scroll of magic mapping {unknown}
 d - 5 scrolls of remove curse
 f - a scroll of noise {unknown}
 j - a scroll of fear {unknown}
 k - 2 scrolls of random uselessness {unknown}
 n - a scroll of blinking {unknown}
 x - 2 scrolls of fog {unknown}
 D - 4 scrolls of enchant armour {unknown}
 H - 2 scrolls of enchant weapon {unknown}
 M - a scroll of amnesia {unknown}
Potions
 g - 2 potions of resistance
 i - 2 potions of mutation
 o - 2 potions of lignification
 r - a potion of brilliance {unknown}
 v - 2 potions of agility
 A - a potion of curing {unknown}
 B - 2 potions of haste
 C - a potion of ambrosia {unknown}
 J - 2 potions of might {unknown}


   Skills:
 + Level 8.0 Fighting
 - Level 2.1 Dodging
 - Level 6.0 Stealth
 + Level 8.3 Spellcasting
 - Level 1.1 Transmutations
 + Level 9.3 Earth Magic


You had 9 spell levels left.
You knew the following spells:

 Your Spells              Type           Power        Failure   Level  Hunger
a - Shock                 Conj/Air       #...         9%          1    N/A
b - Stone Arrow           Conj/Erth      ####..       3%          3    N/A
c - Lee's Rapid Deconstr  Erth           #####.....   4%          5    N/A
d - Petrify               Tmut/Erth      ####....     10%         4    N/A
e - Passwall              Tmut/Erth      ####....     1%          2    N/A
f - Sandblast             Erth           #####.       1%          1    N/A

Your spell library contained the following spells:

 Spells                   Type           Power        Failure   Level  Hunger
 Freeze                   Ice            #...         9%          1    N/A
 Beastly Appendage        Tmut           ##....       5%          1    N/A
 Sticks to Snakes         Tmut           ##......     8%          2    N/A
 Spider Form              Tmut/Pois      ##........   21%         3    N/A
 Ice Form                 Ice/Tmut       ##......     54%         4    N/A
 Blade Hands              Tmut           ##........   82%         5    N/A

Dungeon Overview and Level Annotations

Branches:
Dungeon (8/15)             Temple (1/1) D:5         Ossuary (visited)
   Lair: D:8-11

Altars:
Ashenzari
Cheibriados
Dithmenos
Elyvilon
Fedhas
Gozag
Hepliaklqana
Kikubaaqudgha
Makhleb
Nemelex Xobeh
Okawaru
Qazlal
Ru
Sif Muna
Trog
Uskayaw
Vehumet
Wu Jian
Xom
Yredelemnul
Zin
The Shining One

Shops:
D:4 ([[

Annotations:
D:4 3 runed translucent doors, Calas's ghost, amateur MiGl
D:8 Erica


Innate Abilities, Weirdness & Mutations

You do not eat.
Your natural rate of healing is unusually fast.
You have razor-sharp teeth.
You have supernaturally acute eyesight. (SInv)
You can survive without breathing.


Message History

Erica burns you.
* * * LOW HITPOINT WARNING * * *
Your +0 whip of electrocution stops crackling.
Your +2 dagger of venom begins to drip with poison!
q - a +2 dagger of venom (weapon)
You closely miss Erica.
Erica is lightly wounded.
Erica hits you with a +4 scimitar of flaming.
* * * LOW HITPOINT WARNING * * *
Erica burns you.
* * * LOW HITPOINT WARNING * * *
You closely miss Erica.
Erica is lightly wounded.
Erica hits you with a +4 scimitar of flaming!
* * * LOW HITPOINT WARNING * * *
Erica burns you.
* * * LOW HITPOINT WARNING * * *
It was a potion of cancellation.
You feel magically purged.
Erica hits you with a +4 scimitar of flaming!
You die...

............##..###
...................
...................
...................
...................
........?..........
##.................
#####.<...........
#.....@@......
##............
##.....#.....
############


You could see Erica (invisible).

Vanquished Creatures
  Harold (D:7)
  Pikel (D:7)
  Grinder (D:5)
  A water moccasin (D:7)
  Duvessa (D:7)
  2 ice beasts
  2 orc warriors
  A black bear (D:7)
  3 ogres
  4 centaurs
  3 bullfrogs (D:6)
  4 water moccasin zombies (Ossuary)
  Dowan (D:7)
  3 scorpions
  11 killer bees (D:7)
  9 wights
  6 howler monkeys
  A bullfrog zombie (D:5)
  5 crimson imps
  A centaur zombie (D:2)
  6 orc priests
  A bullfrog skeleton (D:5)
  A gnoll shaman (D:5)
  2 jellies
  2 iguanas
  8 orc wizards
  2 worker ants
  A big kobold zombie (Ossuary)
  2 mummies (Ossuary)
  A howler monkey zombie (D:7)
  7 adders
  11 gnolls
  2 oozes
  7 adder zombies
  3 worms
  2 dart slugs
  5 leopard geckos
  32 orcs
  7 giant cockroaches
  3 gnoll zombies (Ossuary)
  6 goblins
  12 hobgoblins
  5 jackals
  7 quokkas
  3 ball pythons
  6 bats
  2 frilled lizards
  4 hobgoblin zombies (Ossuary)
  A jackal zombie (D:6)
  8 kobolds
  2 kobold zombies (Ossuary)
  A leopard gecko skeleton (D:6)
  3 orc zombies (Ossuary)
  5 rats
231 creatures vanquished.

Vanquished Creatures (others)
  A slave (D:7)
  A scorpion (D:7)
  A big kobold zombie (Ossuary)
  A giant cockroach (D:6)
  A gnoll zombie (Ossuary)
  A hobgoblin zombie (Ossuary)
6 creatures vanquished.

Grand Total: 237 creatures vanquished

Notes
Turn   | Place    | Note
-------+----------+-------------------------------------------
     0 | D:1      | night the Vampire Earth Elementalist began the quest for
                  | the Orb.
     0 | D:1      | Reached XP level 1. HP: 13/13 MP: 3/3
   192 | D:1      | Reached XP level 2. HP: 20/20 MP: 3/5
   217 | D:1      | Learned a level 2 spell: Passwall
   731 | D:1      | Reached skill level 1 in Fighting
   994 | D:2      | Reached XP level 3. HP: 26/26 MP: 4/6
  1096 | D:2      | Learned a level 3 spell: Stone Arrow
  1162 | D:2      | Reached XP level 4. HP: 13/32 MP: 0/7
  1444 | D:2      | Reached XP level 5. HP: 32/38 MP: 1/9
  1663 | D:2      | Found a sacrificial altar of Ru.
  2327 | D:3      | Reached skill level 4 in Earth Magic
  2348 | D:3      | Reached skill level 5 in Stealth
  3250 | D:4      | Found a runed translucent gate.
  3250 | D:4      | Found a runed translucent gate.
  3252 | D:4      | Found a runed translucent gate.
  3252 | D:4      | Noticed Calas's ghost (amateur MiGl)
  3311 | D:3      | Learned a level 4 spell: Petrify
  3346 | D:3      | Reached XP level 6. HP: 29/46 MP: 4/11
  4449 | D:4      | Reached XP level 7. HP: 52/52 MP: 7/13
  4455 | D:4      | Found Cauresse's Armour Boutique.
  4458 | D:4      | Found Rul Ogo's Weapon Boutique.
  4634 | D:4      | Found Coggiu's Armour Emporium.
  4691 | D:4      | Reached skill level 5 in Earth Magic
  4939 | D:5      | Entered Level 5 of the Dungeon
  4941 | D:5      | Found a sand-covered staircase.
  4950 | Ossuary  | Entered an ossuary
  5776 | D:5      | Noticed Grinder
  6039 | D:6      | Reached XP level 8. HP: 37/61 MP: 8/15
  6058 | D:6      | Reached skill level 5 in Spellcasting
  6097 | D:6      | Reached skill level 6 in Earth Magic
  6494 | D:5      | Reached skill level 5 in Fighting
  6512 | D:5      | Paralysed by Grinder for 2 turns
  6524 | D:5      | Killed Grinder
  6729 | D:4      | Reached skill level 7 in Earth Magic
  6857 | D:5      | Learned a level 5 spell: Lee's Rapid Deconstruction
  7044 | D:5      | Found a staircase to the Ecumenical Temple.
  7072 | Temple   | Entered the Ecumenical Temple
  7181 | Temple   | Became a worshipper of Vehumet
  7455 | D:6      | Reached XP level 9. HP: 66/69 MP: 10/18
  7759 | D:6      | Found a shimmering altar of Xom.
  7942 | D:6      | Reached * piety under Vehumet
  7942 | D:6      | Offered knowledge of Shock by Vehumet.
  8241 | D:6      | Learned a level 1 spell: Shock
  8434 | D:7      | Reached skill level 8 in Earth Magic
  8435 | D:7      | Noticed Duvessa
  8449 | D:7      | Noticed Harold
  8977 | D:7      | Reached ** piety under Vehumet
  8977 | D:7      | Offered knowledge of Freeze by Vehumet.
  9169 | D:7      | Noticed Dowan
  9183 | D:7      | Killed Duvessa
  9190 | D:7      | Killed Dowan
  9355 | D:7      | Reached XP level 10. HP: 36/79 MP: 14/21
  9456 | D:7      | Killed Harold
  9456 | D:7      | Reached skill level 9 in Earth Magic
  9814 | D:7      | Noticed Pikel
  9836 | D:7      | Killed Pikel
 10132 | D:8      | Noticed Erica
 10183 | D:8      | HP: 1/80 [Erica/+4 scimitar of flaming (4)]
 10184 | D:8      | Mangled by Erica

Levels and vault maps discovered:
D:1:      matt_arrival_grand_opening, layout_loops_ring, minmay_distorted
D:2:      layout_basic, lemuel_crystal_altar, st_stairs_4
D:3:      layout_basic, first_ration, serial_glass, glass_columns_c,
          glass_columns_a, glass_columns_a, glass_columns_c, glass_columns_b,
          glass_columns_b
D:4:      minmay_skewed_foursquare, layout_rooms, ebering_ghost_rock_garden,
          serial_shops, nicolae_shop_temple_entry_statues_fountains,
          nicolae_shop_statue_plus, shop
D:5:      layout_rooms, minmay_temple_entry_stoned_glass,
          lightli_ossuary_entry_decrepit_ruins, hex_large, uniq_grinder
D:6:      layout_basic, portal_sewer_entry_b, basic_altar, minmay_fountain_box,
          lemuel_another_geyser
D:7:      layout_loops_corners, uniq_pikel, uniq_harold, uniq_duvessa
D:8:      layout_rooms, lair_entry_dummy, serial_shops, shop, uniq_erica
Temple:   kilobyte_greek_temple

Skill      XL: |  1  2  3  4  5  6  7  8  9 10 |
---------------+-------------------------------+-----
Fighting       | 1 2 3 4 5 7 8 |  8.0
Stealth        | 4 5 6 |  6.0
Spellcasting   | 3 4 6 7 8 |  8.3
Earth Magic    | 4 5 7 8 9 |  9.3
Dodging        | |  2.1
Transmutations | |  1.1

Action                   |  1- 3 |  4- 6 |  7- 9 | 10-12 || total
-------------------------+-------+-------+-------+-------++-------
Melee: Unarmed           |    10 |       |       |       ||    10
       Dagger            |    44 |   109 |   240 |    12 ||   405
       Bite              |     3 |     9 |    35 |     1 ||    48
       Morningstar       |       |       |    44 |       ||    44
       Whip              |       |       |       |    12 ||    12
 Cast: Sandblast         |    30 |     4 |    24 |     1 ||    59
       Stone Arrow       |     1 |    27 |    94 |    14 ||   136
       Petrify           |       |     3 |    11 |     7 ||    21
       Passwall          |       |     1 |     2 |       ||     3
       Lee's Rapid Decon |       |       |    17 |     5 ||    22
       Shock             |       |       |     2 |       ||     2
  Use: Scroll            |       |       |     3 |     6 ||     9
       Potion            |       |       |     2 |     1 ||     3
 Stab: Sleeping          |     2 |     6 |     7 |       ||    15
       Petrified         |       |     3 |     9 |     4 ||    16
       Petrifying        |       |       |     3 |       ||     3
       Distracted        |       |       |     2 |       ||     2
Armor: Robe              |    10 |     8 |    32 |     2 ||    52
Dodge: Dodged            |    32 |    82 |   256 |    10 ||   380

Table legend:
 A = Non-vault XP
 B = Vault XP
 C = Vault XP percentage of total XP
 D = Non-vault monster count
 E = Vault monster count
 F = Vault count percentage of total count
                 A         B        C        D         E       F
            +---------+---------+-------+---------+---------+-------
      Total |    5210 |    2575 |  33.1 |     187 |      45 |  19.4
            +---------+---------+-------+---------+---------+-------
        D:1 |      32 |       4 |  11.1 |      16 |       2 |  11.1
        D:2 |     160 |      18 |  10.1 |      20 |       3 |  13.0
        D:3 |     194 |       0 |   0.0 |      29 |       0 |   0.0
        D:4 |     476 |      52 |   9.8 |      17 |       3 |  15.0
        D:5 |     789 |     290 |  26.9 |      22 |       1 |   4.3
        D:6 |    1295 |      29 |   2.2 |      37 |       6 |  14.0
        D:7 |    2095 |    1779 |  45.9 |      44 |       4 |   8.3
        D:8 |     169 |       0 |   0.0 |       2 |       0 |   0.0
    Ossuary |       0 |     403 | 100.0 |       0 |      26 | 100.0
            +---------+---------+-------+---------+---------+-------
